 Dungeon Crawl Stone Soup version 0.32-a0-818-gb728d0252e (webtiles) character file.

Game seed: 11664383686086679333

11175 greenreed the Skirmisher (level 11, -9/89 HPs)
             Began as a Coglin Hunter on Mar 23, 2024.
             Was a Believer of Qazlal.
             Killed themself with a badly aimed rupture (12 damage)
             ... on level 11 of the Dungeon.
             The game lasted 00:26:55 (11670 turns).

greenreed the Skirmisher (Coglin Hunter)           Turns: 11670, Time: 00:26:56

Health: -9/89      AC:  8    Str: 12    XL:     11   Next: 73%
Magic:  13/13      EV: 17    Int:  9    God:    Qazlal [**....]
Gold:   998        SH:  3    Dex: 21    Spells: 10/10 levels left

rFire   + . .        a - +2 sling {Suchat}
rCold   + . .        d - +0 sling {Eiko}
rNeg    . . .        G - +2 robe {rC+ rF+}
rPois   .            r - +0 helmet
rElec   .            y - +1 cloak
rCorr   .            C - +0 pair of gloves
SInv    .            (no boots)
Will    .....        (amulet unavailable)
Stlth   ++           (ring unavailable)
HPRegen 0.34/turn    (ring unavailable)
MPRegen 0.13/turn    (no gizmo)

%: no passive effects
@: no status effects
A: off-hand wielding, slow wielding, warmup strikes, no jewellery
a: Invent Gizmo, Renounce Religion, Upheaval


You were on level 11 of the Dungeon.
You worshipped Qazlal.
Qazlal was pleased with you.
You visited 2 branches of the dungeon, and saw 12 of its levels.

You collected 998 gold pieces.

Inventory:

Hand Weapons
 a - a +2 sling (weapon) {Suchat}
 d - a +0 sling (offhand) {Eiko}
 H - the +5 falchion "Vaeb" {flame, rN++ Will+++ Str-2 Int-3}
   (You found it on level 9 of the Dungeon)

   Str-2:     It affects your strength (-2).
   Int-3:     It affects your intelligence (-3).
   rN++:      It greatly protects you from negative energy.
   Will+++:   It greatly increases your willpower.
Missiles
 c - 14 darts of dispersal
 s - 2 throwing nets
 D - 5 curare-tipped darts
Armour
 r - a +0 helmet (worn)
 y - a +1 cloak (worn)
 C - a +0 pair of gloves (worn)
 G - a +2 robe of resistance (worn)
Wands
 m - a wand of digging (4)
 p - a wand of warping (10)
 F - a wand of quicksilver (3)
 I - a wand of flame (7)
 J - a wand of mindburst (5)
Scrolls
 b - a scroll of butterflies
 e - 2 scrolls of enchant armour {unknown}
 g - a scroll of enchant weapon {unknown}
 h - 5 scrolls of identify {unknown}
 n - 8 scrolls of teleportation
 q - 2 scrolls of fear {unknown}
 v - 3 scrolls of revelation {unknown}
 w - a scroll of silence {unknown}
 z - 7 scrolls of amnesia {unknown}
 B - a scroll of torment {unknown}
 E - 2 scrolls of vulnerability {unknown}
Potions
 f - 2 potions of berserk rage {unknown}
 i - 2 potions of enlightenment {unknown}
 j - 2 potions of haste {unknown}
 k - 2 potions of heal wounds {unknown}
 l - 5 potions of mutation {unknown}
 o - 6 potions of curing {unknown}
 t - a potion of invisibility {unknown}
 u - a potion of attraction {unknown}
 x - 2 potions of brilliance {unknown}
 A - a potion of might {unknown}
 K - a potion of degeneration {unknown}


   Skills:
 + Level 9.1 Fighting
 * Level 12.0 Ranged Weapons
 + Level 8.2 Dodging
 - Level 0.7 Stealth
 + Level 2.8 Invocations
 + Level 4.6 Evocations


You had 10 spell levels left.
You didn't know any spells.
Your spell library contained the following spells:

 Spells                   Type           Power      Damage    Failure   Level
 Freeze                   Ice            0%         1d3       38%         1
 Magic Dart               Conj           0%         1d3       38%         1
 Necrotise                Necr           0%         1d4       38%         1
 Sandblast                Erth           0%         2d4       38%         1
 Blink                    Tloc           0%         N/A       52%         2
 Call Imp                 Summ           0%         N/A       52%         2
 Lesser Beckoning         Tloc           0%         N/A       52%         2
 Frozen Ramparts          Ice            0%         1d1       77%         3
 Gell's Gravitas          Tloc           0%         N/A       77%         3
 Hailstorm                Conj/Ice       0%         3d5       77%         3
 Stone Arrow              Conj/Erth      0%         3d7       77%         3
 Teleport Other           Tloc           0%         N/A       77%         3
 Vampiric Draining        Necr           0%         2d6       77%         3
 Brom's Barrelling Bould  Conj/Erth      0%         2d3       99%         4
 Martyr's Knell           Necr/Summ      0%         N/A       99%         4
 Curse of Agony           Necr           0%         N/A       100%        5


Dungeon Overview and Level Annotations

Branches:
Dungeon (11/15)            Temple (1/1) D:7            Lair (0/5) D:8
    Orc (0/2) D:10

Altars:
Ashenzari
Dithmenos
Elyvilon
Fedhas
Gozag
Hepliaklqana
Kikubaaqudgha
Makhleb
Nemelex Xobeh
Okawaru
Qazlal
Ru
Sif Muna
Trog
Uskayaw
Vehumet
Wu Jian
Xom
Yredelemnul
Zin
The Shining One
Beogh

Shops:
D:2 (

Annotations:
D:4 3 runed translucent doors, jerryboi's ghost, amateur NaHu
D:6 1 runed translucent door, Gazog's ghost, novice GnGl


Innate Abilities, Weirdness & Mutations

You can wield a second weapon in your off-hand.
It takes a long time for you to wield or remove held weapons.
Your first few attacks do less damage.
You cannot equip rings or amulets.


Message History

Something hits you.
You shoot a sling bullet. x2; Something hits you but does no damage.
Something hits you! Something hits you but does no damage.
There is an open door, spattered with blood here.
Fire: a) +2 sling {Suchat}
Press: ? - help, Q - select action, (/) - cycle Shift-Dir - straight line You shoot a sling bullet. x2
Something barely misses you. Something hits you.
Fire: a) +2 sling {Suchat}
Press: ? - help, Q - select action, (/) - cycle Shift-Dir - straight line You shoot a sling bullet. x2
Something hits you.
* * * LOW HITPOINT WARNING * * *
Unknown command.
You shoot a sling bullet. x2; Something hits you but does no damage.
Something hits you.
* * * LOW HITPOINT WARNING * * *
You shoot a sling bullet. x2; Something hits you but does no damage.
Something closely misses you. Something hits you.
* * * LOW HITPOINT WARNING * * *
Unknown command.
Something barely misses you. Something hits you.
* * * LOW HITPOINT WARNING * * *
You close the door.
Something hits you but does no damage. Something hits you.
* * * LOW HITPOINT WARNING * * *
Something hits you but does no damage. Something hits you but does no damage.
Something hits you.
* * * LOW HITPOINT WARNING * * *
Something hits you.
* * * LOW HITPOINT WARNING * * *
Something hits you.
* * * LOW HITPOINT WARNING * * *
Aiming: Warp Space
Press: ? - help, Shift-Dir - straight line Space twists violently!
The rupture engulfs something!
Qazlal accepts your kill.
Reactivating autopickup.
You feel a bit more experienced. The rupture engulfs you!
You die...

###+#### # #......#
###.###
#......######.......
#......+.)..#.......
#......####.........
#...ยง..# ###.......
#...@..# .......
#......# .......
###'#### .......
##.# ###.### ##..#
.. #..## +#
###'########
#..........#
#..........#


There were no monsters in sight!

Vanquished Creatures
  Erica (D:10)
  2 two-headed ogres
  Sonja (D:10)
  Pikel (D:9)
  A deep elf pyromancer (D:10)
  An ugly thing (D:10)
  2 unseen horrors (D:11)
  A kobold demonologist (D:6)
  A troll (D:9)
  A shadow (D:10)
  A wyvern (D:9)
  7 yaks
  3 steam dragons
  3 acid dragons
  A sky beast (D:7)
  8 orc warriors
  An ogre (D:6)
  3 lemures (D:9)
  4 centaurs
  2 phantoms
  3 kobold brigands
  5 scorpions
  3 bullfrogs
  A gnoll sergeant (D:8)
  18 wights
  11 killer bees (D:9)
  4 bombardier beetles
  7 howler monkeys
  3 hounds (D:5)
  2 jellies
  A gnoll bouda (D:6)
  9 orc priests
  Ijyb (D:3)
  A sleepcap (D:6)
  An iguana (D:6)
  9 orc wizards
  Robin (D:3)
  8 adders
  12 gnolls
  A shadow imp (D:5)
  2 white imps (D:6)
  2 ufetubi (D:7)
  3 dart slugs
  2 ribbon worms
  63 orcs
  3 ball pythons
  3 bats
  6 endoplasms
  10 giant cockroaches (D:2)
  13 goblins
  6 hobgoblins
  4 jackals (D:2)
  4 quokkas
  A frilled lizard (D:2)
  19 kobolds
  A rat (D:1)
288 creatures vanquished.

Notes
Turn   | Place    | Note
-------+----------+-------------------------------------------
     0 | D:1      | greenreed the Coglin Hunter began the quest for the Orb.
     0 | D:1      | Reached XP level 1. HP: 16/16 MP: 1/1
     6 | D:1      | Noticed a komodo dragon
     6 | D:1      | Noticed a tyrant leech
     6 | D:1      | Noticed a servant of whispers
     7 | D:1      | Noticed an ettin
   146 | D:1      | Reached XP level 2. HP: 22/22 MP: 2/2
   642 | D:2      | Found Watec's Antique Weapon Boutique.
   672 | D:2      | Reached skill level 4 in Ranged Weapons
   679 | D:2      | Reached XP level 3. HP: 25/28 MP: 3/3
  1059 | D:2      | Found a sparkling altar of Nemelex Xobeh.
  1248 | D:3      | Reached XP level 4. HP: 24/34 MP: 4/4
  1316 | D:3      | Noticed a scorpion
  1328 | D:3      | Killed a scorpion
  1329 | D:3      | Reached XP level 5. HP: 9/41 MP: 5/5
  1580 | D:3      | Reached skill level 5 in Ranged Weapons
  1653 | D:3      | Noticed Robin
  1853 | D:3      | Noticed Ijyb
  1864 | D:3      | Killed Ijyb
  1865 | D:3      | Reached XP level 6. HP: 18/47 MP: 6/6
  2005 | D:3      | Killed Robin
  2237 | D:3      | Found a sacrificial altar of Ru.
  2398 | D:4      | Found an iron altar of Okawaru.
  2542 | D:4      | Found a runed translucent gate.
  2543 | D:4      | Found a runed translucent gate.
  2544 | D:4      | Found a runed translucent gate.
  2544 | D:4      | Noticed jerryboi's ghost (amateur NaHu)
  2962 | D:5      | Entered Level 5 of the Dungeon
  3115 | D:5      | Reached XP level 7. HP: 50/53 MP: 7/7
  3123 | D:5      | Reached skill level 6 in Ranged Weapons
  3944 | D:6      | Found a runed translucent door.
  3945 | D:6      | Noticed Gazog's ghost (novice GnGl)
  3945 | D:6      | Noticed a kobold demonologist
  4073 | D:6      | Reached XP level 8. HP: 61/61 MP: 8/8
  4139 | D:6      | Reached skill level 7 in Ranged Weapons
  4471 | D:6      | Found an ornate altar of the Wu Jian Council.
  4558 | D:6      | Reached skill level 5 in Fighting
  4785 | D:6      | Found a shimmering altar of Xom.
  5108 | D:7      | Reached skill level 5 in Dodging
  5222 | D:7      | Reached skill level 8 in Ranged Weapons
  5390 | D:7      | Reached XP level 9. HP: 8/69 MP: 9/9
  5936 | D:6      | Noticed a two-headed ogre
  5946 | D:6      | Killed a two-headed ogre
  5947 | D:6      | Reached skill level 9 in Ranged Weapons
  5954 | D:6      | Noticed a kobold demonologist
  5957 | D:6      | Noticed a hellwing
  5959 | D:6      | Noticed a hellwing
  5962 | D:6      | Killed a kobold demonologist
  5963 | D:6      | Reached XP level 10. HP: 71/79 MP: 10/10
  6291 | D:7      | Found a staircase to the Ecumenical Temple.
  6300 | Temple   | Entered the Ecumenical Temple
  6307 | Temple   | Became a worshipper of Qazlal Stormbringer
  6481 | D:8      | Reached skill level 10 in Ranged Weapons
  6566 | D:8      | Found a staircase to the Lair.
  6768 | D:8      | Reached * piety under Qazlal
  7623 | D:9      | Noticed Pikel
  7637 | D:9      | Killed Pikel
  7698 | D:9      | Reached ** piety under Qazlal
  7707 | D:9      | Reached skill level 11 in Ranged Weapons
  7715 | D:9      | Reached skill level 1 in Evocations
  7923 | D:9      | Reached skill level 1 in Invocations
  8009 | D:9      | Reached XP level 11. HP: 78/87 MP: 11/11
  8145 | D:9      | Found a white marble altar of Elyvilon.
  8155 | D:9      | Noticed a two-headed ogre
  8176 | D:9      | Killed a two-headed ogre
  8359 | D:9      | Identified the +5 falchion "Vaeb" {flame, rN++ Will+++
                  | Str-2 Int-3}
  8424 | D:9      | Found a transporter.
  8433 | D:9      | Found a transporter.
  8746 | D:9      | Found a transporter.
  8812 | D:9      | Found a transporter.
  8882 | D:10     | Entered Level 10 of the Dungeon
  9035 | D:10     | Found a blossoming altar of Fedhas.
  9051 | D:10     | Noticed Erica
  9061 | D:10     | Killed Erica
 10023 | D:10     | Noticed Sonja
 10031 | D:10     | Killed Sonja
 10376 | D:10     | Noticed a brown ugly thing
 10376 | D:10     | Noticed a deep elf pyromancer
 10400 | D:10     | Killed a brown ugly thing
 10409 | D:10     | Killed a deep elf pyromancer
 10849 | D:10     | Found a roughly hewn altar of Beogh.
 10849 | D:10     | Found a staircase to the Orcish Mines.
 11098 | D:11     | Reached skill level 12 in Ranged Weapons
 11668 | D:11     | HP: 4/89 [something (6)]
 11670 | D:11     | Killed themself with a badly aimed rupture

Illustrated notes

Levels and vault maps discovered:
D:1:      onia_arrival_zoo_common, layout_loops_ring, minmay_misc_feat_encased
D:2:      minmay_roachtagon, layout_basic, serial_shops, shop, basic_altar,
          kennysheep_generic_room_9
D:3:      layout_loops_ring, nicolae_overflow_hidden_temple, uniq_ijyb,
          uniq_robin
D:4:      layout_loops_ring, okawaru_trees_2, ebering_ghost_rock_garden
D:5:      layout_layer_cave, minmay_splitting_lines,
          hangedman_abyss_or_decor_lesser_grid
D:6:      minmay_klotski, layout_gridville, slow_altar_2,
          mainiacjoe_overflow_brackets, nzn_wu_jian_council_hall,
          ebering_ghost_inner_flame, chequers_serial_rivers_micro_d
D:7:      layout_basic, minmay_temple_entry_junction_2,
          hangedman_abyss_or_decor_slice, minmay_unpleasant_kobolds
D:8:      layout_basic, lair_entry_dummy, eino_curves_02
D:9:      layout_long_grid, elyvilon_altar_5, nicolae_transporter_intersection,
          uniq_pikel
D:10:     layout_layer_cave, lemuel_doored_altar, david_orc_5,
          hangedman_corner_corridor, uniq_erica, uniq_sonja
D:11:     layout_roguey, centaur_isle
Temple:   nicolae_temple_no_exploring_needed

Skill      XL: |  1  2  3  4  5  6  7  8  9 10 11 |
---------------+----------------------------------+-----
Dodging        | 2 3 4 5 6 7 8 |  8.2
Ranged Weapons | 4 5 6 8 9 11 12 | 12.0
Fighting       | 3 4 5 7 8 9 |  9.1
Evocations     | 1 4 |  4.6
Invocations    | 1 2 |  2.8
Stealth        | |  0.7

Action                     |  1- 3 |  4- 6 |  7- 9 | 10-12 || total
---------------------------+-------+-------+-------+-------++-------
   Fire: Sling             |   154 |   222 |   568 |  1216 ||  2160
  Evoke: Wand              |       |     2 |    11 |    18 ||    31
    Use: Scroll            |       |       |       |     1 ||     1
 Armour: Leather armour    |    17 |    32 |    52 |       ||   101
         Steam dragon scal |       |       |    13 |    61 ||    74
         Robe              |       |       |       |   189 ||   189
  Dodge: Dodged            |    19 |    21 |    53 |   177 ||   270
  Block: Other             |       |       |       |    19 ||    19

Table legend: (Time is in decaauts)
 A = Elapsed time spent in this place.
 B = Non-inter-level travel time spent in this place.
 C = Inter-level travel time spent in this place.
 D = Time resting spent in this place.
 E = Time spent auto-exploring this place.
 F = Levels seen in this place.
 G = Mean time per level.
                   A        B        C        D        E       F      G
               +--------+--------+--------+--------+--------+-----+--------+
         Total |  11648 |  11228 |    420 |   1385 |   7897 |  12 |  970.7 |
       Dungeon |  11633 |  11224 |    409 |   1385 |   7897 |  11 | 1057.5 |
        Temple |     14 |      3 |     11 |      0 |      0 |   1 |   14.0 |
               +--------+--------+--------+--------+--------+-----+--------+

Top non-repeatable levels by time:
    D:10: 2023 daAuts
     D:9: 1628 daAuts
     D:6: 1548 daAuts
     D:3: 997 daAuts
     D:7: 977 daAuts
     D:5: 975 daAuts
     D:8: 752 daAuts
    D:11: 727 daAuts
     D:2: 723 daAuts
     D:4: 676 daAuts
     D:1: 603 daAuts
  Temple: 14 daAuts
